 Dungeon Crawl Stone Soup version 0.20-a0-513-g02c11fc (webtiles) character file.

235 seren the Grave Robber (level 5, -1/35 HPs)
             Began as a Mummy Necromancer on Jan 23, 2017.
             Slain by an ogre
             ... wielding a +0 giant club
              (21 damage)
             ... on level 4 of the Dungeon.
             The game lasted 00:17:36 (5042 turns).

seren the Grave Robber (Mummy Necromancer)          Turns: 5042, Time: 00:17:36

Health: -1/35      AC:  5    Str: 11    XL:     5   Next: 76%
Magic:  9/9        EV: 12    Int: 16    God:
Gold:   258        SH:  0    Dex: 12    Spells: 0/10 levels left

rFire    x . .     SeeInvis .   g - +0 dagger
rCold    + . .     Gourm    .   a - +0 robe
rNeg     + + +     Faith    +   (no shield)
rPois    ∞         Spirit   .   (no helmet)
rElec    .         Reflect  .   f - +2 cloak
rCorr    .         Harm     .   (no gloves)
MR       .....                  (no boots)
Stlth    ++........             d - amulet of faith
Regen    0.2/turn               (no ring)
                                (no ring)

@: no status effects
A: no food or potions, fire vulnerability, cold resistance 1, negative energy
resistance 3, torment resistance, unbreathing
a: no special abilities


You were on level 4 of the Dungeon.
You were not hungry.

You visited 1 branch of the dungeon, and saw 6 of its levels.

You collected 258 gold pieces.

Inventory:

Hand Weapons
 g - a +0 dagger (weapon)
 h - a +0 whip
 l - a cursed -2 short sword
Armour
 a - a +0 robe (worn)
 f - a +2 cloak (worn)
Jewellery
 d - an amulet of faith (around neck)
Wands
 j - a wand of confusion (21/48)
 k - a wand of iceblast (5/15)
 n - a wand of iceblast (8/15)
 q - a wand of digging (6/24)
Scrolls
 e - 3 scrolls of immolation
 i - a scroll of random uselessness {unknown}
 m - 2 scrolls of remove curse
 o - a scroll of fog
 p - a scroll of enchant weapon {unknown}
Books
 b - a book of Necromancy

   Spells                             Type                      Level
   a - Pain                           Necromancy                   1
   b - Animate Skeleton               Necromancy                   1
   c - Vampiric Draining              Necromancy                   3
   d - Regeneration                   Charms/Necromancy            3
   e - Animate Dead                   Necromancy                   4
   f - Control Undead                 Necromancy                   4


   Skills:
 - Level 1.5 Dodging
 - Level 1.5 Stealth
 - Level 3.1 Spellcasting
 + Level 6.9 Necromancy


You couldn't memorise any spells.
You knew the following spells:

 Your Spells              Type           Power        Failure   Level  Hunger
a - Pain                  Necr           ###.         1%          1    N/A
d - Animate Dead          Necr           N/A          12%         4    N/A
s - Animate Skeleton      Necr           N/A          1%          1    N/A
u - Control Undead        Necr           ###.......   12%         4    N/A

Dungeon Overview and Level Annotations

Branches:
Dungeon (6/15)
 Temple: D:4-7

Altars:
Fedhas
Ru
Zin
The Shining One

Annotations:
D:2 Crazy Yiuf
D:4 ogre, Blork the orc


Innate Abilities, Weirdness & Mutations

You do not eat or drink.
Your flesh is vulnerable to fire.
You are immune to poison.
Your flesh is cold resistant. (rC+)
You are immune to negative energy. (rN+++)
You are immune to unholy pain and torment.
You can survive without breathing.


Message History

You don't know that spell.
Forget which spell ([?*] list [ESC] exit)?
You don't know that spell.
Forget which spell ([?*] list [ESC] exit)?
You don't know that spell.
Forget which spell ([?*] list [ESC] exit)?
You don't know that spell.
Forget which spell ([?*] list [ESC] exit)?
You don't know that spell.
Forget which spell ([?*] list [ESC] exit)?
You don't know that spell.
Forget which spell ([?*] list [ESC] exit)?
You don't know that spell.
Forget which spell ([?*] list [ESC] exit)?
Okay, then.
The ogre barely misses you.
There is an open door here.
The ogre hits you with a giant club!!
Ouch! That really hurt!
You die...

#.#.# #........## #.#.#
#.......... #.#.#
###.##'#### #.#.# #.##.#
#.#.#########.##.#
#.#.#.........##.#
#.#.#.##########+##
####.#O#.# #........#
#......@.# #........#
#........# #........#
###........# ##........#
#..........# #.........#
##.........# #.........#
#.........# #.........#
#.........###......#'##
#.........#.'........####
#.........#.#............


You could see an ogre.

Vanquished Creatures
  A bullfrog (D:5)
  A jelly (D:5)
  Jessica (D:2)
  5 adders
  A dart slug (D:2)
  2 leopard geckos
  An orc (D:3)
  2 ball pythons (D:3)
  4 bats
  2 giant cockroaches
  6 hobgoblins
  6 kobolds
  6 frilled lizards
  7 goblins (D:1)
  A quokka zombie (D:5)
  4 rats
50 creatures vanquished.

Vanquished Creatures (collateral kills)
  A hound skeleton (D:5)
  An adder (D:4)
  A kobold (D:2)
3 creatures vanquished.

Grand Total: 53 creatures vanquished

Notes
Turn   | Place    | Note
-------+----------+-------------------------------------------
     0 | D:1      | seren the Mummy Necromancer began the quest for the Orb.
     0 | D:1      | Reached XP level 1. HP: 13/13 MP: 4/4
    46 | D:1      | Learned a level 1 spell: Animate Skeleton
   191 | D:1      | Reached XP level 2. HP: 19/19 MP: 2/5
  1035 | D:1      | Reached skill level 5 in Necromancy
  1035 | D:1      | Reached XP level 3. HP: 10/24 MP: 0/7
  1554 | D:2      | Found a runed door.
  1756 | D:2      | Noticed Jessica
  1770 | D:2      | Killed Jessica
  1997 | D:2      | Reached XP level 4. HP: 30/30 MP: 4/8
  2003 | D:2      | Learned a level 4 spell: Animate Dead
  2312 | D:2      | Noticed Crazy Yiuf
  2705 | D:3      | Found a sacrificial altar of Ru.
  2709 | D:3      | Found a glowing golden altar of the Shining One.
  2713 | D:3      | Found a glowing silver altar of Zin.
  3630 | D:4      | Found a blossoming altar of Fedhas.
  4080 | D:4      | Reached skill level 6 in Necromancy
  4113 | D:4      | Noticed Blork the orc
  4261 | D:4      | Noticed an ogre
  4401 | D:5      | Entered Level 5 of the Dungeon
  4526 | D:5      | Reached XP level 5. HP: 34/35 MP: 5/9
  4536 | D:5      | Learned a level 4 spell: Control Undead
  4990 | D:5      | Noticed an ogre
  5042 | D:4      | Slain by an ogre

Vault maps used:
D:1:      enne_arrival_octagon_isle, kennysheep_boxes
D:2:      serial_forest, infiniplex_forest_split,
          infiniplex_forest_lined_room_3, infiniplex_forest_straight_5,
          infiniplex_forest_clump_curved, infiniplex_forest_split,
          uniq_crazy_yiuf_cottage, uniq_jessica
D:3:      grunt_temple_overflow_diamond, first_bread, dk_noncrumbling_2
D:4:      fedhas_altar_1, uniq_blork_the_orc
D:5:      slow_altar_1, sword_in_stone

Skill      XL: |  1  2  3  4 |
---------------+-------------+-----
Necromancy     | 5 6 |  6.9
Spellcasting   | 3 |  3.1
Dodging        | |  1.5
Stealth        | |  1.5

Action                   |  1- 3 |  4- 6 || total
-------------------------+-------+-------++-------
Melee: Dagger            |     4 |    41 ||    45
 Cast: Pain              |    47 |    56 ||   103
       Animate Skeleton  |    15 |     8 ||    23
       Control Undead    |       |     3 ||     3
  Use: Scroll            |       |     9 ||     9
 Stab: Sleeping          |       |     4 ||     4
Armor: Robe              |     3 |    23 ||    26
Dodge: Dodged            |     5 |    47 ||    52
